 Dungeon Crawl Stone Soup version 0.19-a0-1878-gcbc8a98 (webtiles) character file.

42 PurpleRed the Firebug (level 3, 0/26 HPs)
             Began as a Demigod Fire Elementalist on Oct 13, 2016.
             Slain by a hound (5 damage)
             ... on level 4 of the Dungeon.
             The game lasted 00:05:50 (658 turns).

PurpleRed the Firebug (Demigod Fire Elementalist)    Turns: 658, Time: 00:05:51

Health: 0/26       AC:  2    Str: 11    XL:     3   Next: 17%
Magic:  5/9        EV: 12    Int: 21    God:
Gold:   58         SH:  0    Dex: 16    Spells: 2 memorised, 3 levels left

rFire  . . .     SeeInvis .     e - +2 whip (venom)
rCold  . . .     Gourm    .     a - +0 robe
rNeg   . . .     Faith    .     (no shield)
rPois  .         Spirit   .     (no helmet)
rElec  .         Dismiss  .     (no cloak)
rCorr  .         Reflect  .     (no gloves)
MR     .....     Harm     .     (no boots)
Stlth  ++........               (no amulet)
                                (no ring)
                                (no ring)

@: about to teleport
A: high mp 1
a: no special abilities


You were on level 4 of the Dungeon.
You were not hungry.

You visited 1 branch of the dungeon, and saw 4 of its levels.

You collected 58 gold pieces.

Inventory:

Hand Weapons
 d - a +0 dagger
 e - a +2 whip of venom (weapon)
 h - a +1 whip of venom
 k - a +0 vampiric dagger
Armour
 a - a +0 robe (worn)
Scrolls
 i - a scroll of identify
Books
 b - a book of Flames

   Spells                             Type                      Level
   a - Flame Tongue                   Conjuration/Fire             1
   b - Throw Flame                    Conjuration/Fire             2
   c - Conjure Flame                  Conjuration/Fire             3
   d - Inner Flame                    Hexes/Fire                   3
   e - Sticky Flame                   Conjuration/Fire             4
   f - Fireball                       Conjuration/Fire             5
Comestibles
 c - 2 bread rations
 j - 3 meat rations


   Skills:
 - Level 1.8 Dodging
 - Level 2.0 Stealth
 + Level 2.2 Spellcasting
 + Level 1.7 Conjurations
 + Level 3.1 Fire Magic


You had 3 spell levels left.
You knew the following spells:

 Your Spells              Type           Power        Failure   Level  Hunger
a - Flame Tongue          Conj/Fire      ##...        6%          1    #......
b - Throw Flame           Conj/Fire      ##....       10%         2    ##.....


Dungeon Overview and Level Annotations

Branches:
Dungeon (4/15)
 Temple: D:4-7

Annotations:
D:4 Blork the orc, Purgy


Innate Abilities, Weirdness & Mutations

You have an increased reservoir of magic. (+10% MP)


Message History

* * * LOW HITPOINT WARNING * * *
Blork the orc looks satisfied for a moment.
The jackal barely misses you.
A hound comes into view.
Found a tapered copper wand.
The jackal bites you but does no damage.
The hound barks!
There is a stone staircase leading down here.
The hound stops to sniff the ground.
The hound closely misses you.
Found 8 gold pieces.
As you read the scroll labeled FINUGO MASSE, it crumbles to dust.
It is a scroll of identify.
m - a scroll of teleportation The hound barely misses you.
Your magical contamination has completely faded away.
As you read the scroll of teleportation, it crumbles to dust.
You feel strangely unstable. The hound bites you but does no damage.
The hound bites you.
You die...

### #.. # #.###.####
##.#....... ..#
#.h@../.# ##.#
#.......# ...
##h##.##$# #.###
#.hh..# # ####...#
#..#### ##.##.#.#
#o.#.##
#...#...#####.....##.#
.....................+
#...##.######.#...####


You could see Blork the orc, a hound and 2 jackals.

Vanquished Creatures
  A dart slug (D:3)
  3 leopard geckos
  2 orcs (D:3)
  A ball python (D:1)
  2 giant cockroaches
  4 hobgoblins
  5 jackals
  A quokka (D:2)
  2 frilled lizards
  4 goblins
  3 kobolds
  2 rats (D:1)
30 creatures vanquished.

Notes
Turn   | Place    | Note
-------+----------+-------------------------------------------
     0 | D:1      | PurpleRed the Demigod Fire Elementalist began the quest for the Orb.
     0 | D:1      | Reached XP level 1. HP: 14/14 MP: 5/5
    28 | D:1      | Reached skill level 1 in Conjurations
   127 | D:1      | Reached XP level 2. HP: 18/20 MP: 2/7
   131 | D:1      | Learned a level 2 spell: Throw Flame
   311 | D:3      | Reached skill level 3 in Fire Magic
   339 | D:3      | Reached XP level 3. HP: 8/26 MP: 1/8
   357 | D:3      | Found a sparkling altar of Nemelex Xobeh.
   394 | D:2      | Found a faded altar of an unknown god.
   426 | D:3      | Found an opulent altar of Gozag.
   498 | D:3      | Found a shadowy altar of Dithmenos.
   561 | D:4      | Noticed Purgy
   645 | D:4      | Noticed Blork the orc
   658 | D:4      | Slain by a hound

Vault maps used:
D:1:      dpeg_arrival_windows_large_door, grunt_decor_cap,
          minmay_tree_intersection, minmay_hexomino_p4
D:2:      ecumenical_altar_1, first_bread
D:3:      nicolae_dithmenos_shadow_blocks, overflow_temple_1_default,
          grunt_gozag_statues
D:4:      uniq_purgy, uniq_blork_the_orc, uniq_natasha

Skill      XL: |  1  2 |
---------------+-------+-----
Conjurations   | 1 |  1.7
Stealth        | 2 |  2.0
Spellcasting   | 2 |  2.2
Fire Magic     | 3 |  3.1
Dodging        | |  1.8

Action                   || total
-------------------------++-------
Melee: Whip              ||    28
 Cast: Flame Tongue      ||    39
  Use: Potion            ||     4
       Scroll            ||     2
 Stab: Sleeping          ||     1
Armor: Robe              ||    15
Dodge: Dodged            ||    44
